AoeStats
← ESCAPE.exe

Hill Fort

504543067Analyzed
4v4 RM · 27d ago on Sep 5, 2026· 65m 37s· 8 players
Game mode
Random Map
Map size
Large (8 player)
Population
200
Speed
Normal
Resources
Standard
Victory
Conquest
Starting age
Dark Age
Ending age
Imperial Age
RankedLock teamsTeams togetherTeam positionsShared explorationLock speedFull tech treeHidden civsTurbo modeCheats
Victory
Defeat
🇦🇷 Khmer · Argentina
1087
+12
🇲🇦 Franks · Morocco
1026
+14
🇵🇪 Georgians · Peru
1001
+15
🇨🇴 Khmer · Colombia
940
+18
994
-15
🇮🇳 Vietnamese · India
994
-26
🇨🇳 Magyars · China
981
-15
🇵🇪 Celts · Peru
968
-14
ESCAPE.exe
10:55 Feudal Age
14:18 Loom
16:32 Gold Mining
16:29 Double-Bit Axe
16:26 Horse Collar
21:12 Castle Age
21:50 Padded Archer Armor
22:33 Bow Saw
23:35 Crossbowman
25:33 Thumb Ring
25:47 Leather Archer Armor
25:24 Fletching
25:44 Stone Mining
29:26 Wheelbarrow
32:00 Hand Cart
32:12 Hand Cart
31:43 Town Watch
33:40 Stone Shaft Mining
34:34 Town Patrol
38:46 Imperial Age
37:47 Bodkin Arrow
39:13 Onager
43:24 Paper Money
42:46 Arbalester
46:34 Ring Archer Armor
46:05 Bracer
45:51 Sappers
50:40 Chemistry
erickisonduty
11:30 Feudal Age
12:47 Double-Bit Axe
13:14 Horse Collar
18:11 Castle Age
19:26 Loom
22:47 Bow Saw
23:45 Wheelbarrow
23:14 Heavy Plow
25:29 Gold Mining
25:32 Stone Mining
27:13 Hand Cart
27:17 Treadmill Crane
31:11 Imperial Age
29:51 Masonry
30:22 Fletching
30:39 Scale Barding Armor
30:34 Padded Archer Armor
31:00 Ballistics
30:37 Murder Holes
31:23 Bodkin Arrow
32:04 Corvinian Army
31:34 Heavy Cavalry Archer
32:40 Parthian Tactics
32:21 Thumb Ring
34:24 Parthian Tactics
34:17 Leather Archer Armor
34:40 Conscription
35:24 Town Watch
35:49 Husbandry
36:00 Bloodlines
36:39 Elite Magyar Huszar
37:59 Bracer
38:15 Light Cavalry
42:55 Hoardings
49:11 Hussar
51:12 Recurve Bow
57:58 Siege Engineers
58:54 Chemistry
Bol renversé Especial
6:12 Wheelbarrow
6:06 Loom
6:51 Double-Bit Axe
10:54 Feudal Age
11:59 Hand Cart
12:30 Bow Saw
16:54 Horse Collar
19:57 Castle Age
23:29 Forging
25:15 Cavalier
26:24 Gold Mining
26:25 Stone Mining
28:13 Two-Man Saw
29:26 Iron Casting
28:57 Scale Barding Armor
31:01 Heavy Plow
31:29 Chain Barding Armor
31:18 Caravan
32:52 Crop Rotation
33:34 Husbandry
37:21 Imperial Age
34:55 Light Cavalry
36:24 Burgundian Vineyards
37:15 Gold Shaft Mining
37:16 Stone Shaft Mining
37:52 Elite Coustillier
38:53 Conscription
39:38 Blast Furnace
39:13 Plate Barding Armor
41:26 Paladin
46:30 Masonry
58:44 Scale Mail Armor
60:27 Chain Mail Armor
59:37 Pikeman
60:18 Squires
61:31 Halberdier
63:28 Plate Mail Armor
MapacheZebra
1:14 Loom
2:00 Loom
11:40 Feudal Age
19:01 Stone Mining
26:39 Castle Age
25:17 Wheelbarrow
25:41 Horse Collar
30:22 Hand Cart
44:09 Imperial Age
44:17 Capped Ram
45:40 Heavy Plow
46:40 Heavy Scorpion
49:59 Siege Ram
Sradi7
12:12 Feudal Age
13:44 Man-at-Arms
25:41 Castle Age
24:59 Wheelbarrow
24:10 Loom
25:33 Gold Mining
25:30 Double-Bit Axe
27:23 Gold Shaft Mining
28:22 Hand Cart
30:27 Scale Barding Armor
30:33 Forging
31:46 Chain Barding Armor
32:41 Husbandry
32:06 Pikeman
32:47 Squires
44:20 Imperial Age
42:56 Town Watch
43:50 Iron Casting
44:34 Ballistics
46:20 Plate Barding Armor
45:09 Cavalier
46:08 Bow Saw
49:00 Paladin
51:40 Blast Furnace
51:04 Conscription
50:45 Chivalry
60:03 Halberdier
60:28 Arson
62:04 Scale Mail Armor
65:08 Chain Mail Armor
65:02 Light Cavalry
ATARBaron7AZ
1:51 Loom
11:01 Feudal Age
17:07 Castle Age
17:04 Wheelbarrow
16:28 Double-Bit Axe
17:33 Horse Collar
19:00 Wheelbarrow
20:00 Light Cavalry
28:57 Bloodlines
34:05 Bow Saw
34:54 Scale Barding Armor
35:00 Forging
36:03 Ballistics
38:13 Chain Barding Armor
38:29 Iron Casting
39:35 Husbandry
45:24 Imperial Age
45:58 Hand Cart
46:31 Double Crossbow
48:07 Chemistry
48:13 Siege Engineers
49:43 Blast Furnace
49:19 Plate Barding Armor
49:40 Heavy Scorpion
51:22 Hussar
AGARRINI LA PALINI
0:29 Loom
13:15 Feudal Age
17:25 Castle Age
15:41 Double-Bit Axe
16:16 Horse Collar
18:17 Wheelbarrow
21:58 Stone Mining
22:19 Bow Saw
22:43 Town Watch
27:11 Bloodlines
27:01 Husbandry
28:21 Forging
30:40 Heavy Plow
33:03 Gold Mining
33:48 Stone Shaft Mining
38:56 Imperial Age
36:43 Hand Cart
37:13 Iron Casting
36:43 Scale Barding Armor
42:10 Blast Furnace
41:30 Chain Barding Armor
41:21 Aznauri Cavalry
41:36 Conscription
42:14 Fletching
42:53 Ballistics
42:46 Masonry
44:00 Plate Barding Armor
45:41 Elite Monaspa
49:15 Murder Holes
49:03 Treadmill Crane
50:19 Caravan
[ATARB]PELUCHE GUACHIN
12:23 Feudal Age
17:09 Castle Age
17:20 Double-Bit Axe
19:00 Stone Mining
28:50 Gold Mining
28:41 Horse Collar
32:15 Wheelbarrow
32:50 Bow Saw
34:12 Heavy Plow
36:48 Imperial Age
36:29 Hand Cart
36:52 Capped Ram
37:03 Light Cavalry
37:54 Bloodlines
38:04 Double Crossbow
38:25 Conscription
38:02 Siege Ram
41:42 Chemistry
40:24 Hussar
Connection lost

Rejoining the realm…

Still unreachable

The connection could not be restored.

Session expired

The server has moved on; the page needs a fresh start.